 Dungeon Crawl Stone Soup version 0.16-a0-2461-ge8ce426 (webtiles) character file.

6811 PolkaDot the Summoner (level 10, -2/63 HPs)
             Began as a Vampire Summoner on Nov 19, 2014.
             Was a Priest of Sif Muna.
             Slain by a large slime creature (26 damage)
             ... on level 10 of the Dungeon.
             The game lasted 00:42:57 (10840 turns).

PolkaDot the Summoner (Vampire Summoner)           Turns: 10840, Time: 00:42:57

Health: -2/63      AC:  6    Str:  7    XL:     10   Next: 77%
Magic:  16/32      EV: 12    Int: 23    God:    Sif Muna [***...]
Gold:   394        SH:  0    Dex: 14    Spells: 7 memorised, 3 levels left

rFire  . . .     SeeInvis +     a - +5 quarterstaff (chaos)
rCold  . . .     Clarity  .     g - +2 robe {MR+}
rNeg   . . .     SustAb   .     (no shield)
rPois  .         Gourm    .     w - +0 hat {Int+3} (curse)
rElec  .         Spirit   .     s - +0 cloak
rCorr  .         Warding  .     e - +0 pair of gloves
rMut   .         Stasis   .     (no boots)
MR     ++...                    (no amulet)
Stlth  +++.......               j - ring of magical power
                                x - ring of stealth

@: regenerating very quickly, very resistant to hostile enchantments, fairly
stealthy
A: bottle blood, fangs 3, see invisible, unbreathing, no device heal 1
a: Channel Energy, Forget Spell, Renounce Religion


You were on level 10 of the Dungeon.
You worshipped Sif Muna.
Sif Muna was most pleased with you.
You were almost alive.

You visited 2 branches of the dungeon, and saw 11 of its levels.
You also visited: Ossuary.

You collected 714 gold pieces.
You spent 320 gold pieces at shops.

Inventory:

Hand weapons
 a - a +5 quarterstaff of chaos (weapon)
Armour
 e - a +0 pair of gloves (worn)
 g - a +2 robe of magic resistance (worn)
 s - a +0 cloak (worn)
 w - a cursed +0 hat of intelligence (worn)
Magical staves
 b - an uncursed staff of energy
Jewellery
 j - a ring of magical power (right hand)
 x - a ring of stealth (left hand)
Magical devices
 c - a wand of random effects (10)
 o - a wand of slowing (26)
 y - a wand of lightning (5)
 C - a wand of cold (1)
 D - a wand of random effects (34)
 E - a wand of teleportation (3)
Scrolls
 d - 2 scrolls of teleportation
 f - 3 scrolls of fear
 h - 3 scrolls of immolation
 i - 6 scrolls of remove curse
 k - 3 scrolls of recharging
 p - a scroll of summoning
 t - 2 scrolls of enchant armour
 z - 2 scrolls of blinking
Potions
 l - 2 potions of haste
 n - 3 potions of berserk rage
 r - 6 potions of restore abilities
 u - a potion of cancellation
 v - 2 potions of cure mutation {!q}
 A - a potion of brilliance
 B - a potion of magic
 F - a potion of blood {@*1}
Books
 m - a book of Summonings

   Spells                             Type                      Level
   Abjuration                         Summoning                    3
   Recall                             Summoning/Translocation      3
   Shadow Creatures                   Summoning                    5
   Summon Demon                       Summoning                    5
   Summon Forest                      Summoning/Translocation      5
   Monstrous Menagerie                Summoning                    6
 q - a book of Callings

   Spells                             Type                      Level
   *Summon Small Mammal               Summoning                    1
   *Call Imp                          Summoning                    2
   *Call Canine Familiar              Summoning                    3
   *Summon Guardian Golem             Hexes/Summoning              4
   Summon Lightning Spire             Summoning/Air                4
   *Summon Ice Beast                  Ice/Summoning                4


   Skills:
 + Level 8.0 Staves
 - Level 2.1 Dodging
 - Level 3.0 Stealth
 * Level 5.9 Spellcasting
 - Level 5.2 Hexes
 + Level 9.0 Summonings
 - Level 5.2 Translocations
 - Level 5.0 Ice Magic


You had 3 spell levels left.
You knew the following spells:

 Your Spells              Type           Power        Failure   Level  Hunger
a - Summon Small Mammal   Summ           ####         1%          1    None
d - Call Canine Familiar  Summ           #####...     1%          3    #......
g - Summon Guardian Gole  Hex/Summ       #####...     6%          4    ###....
i - Summon Ice Beast      Ice/Summ       #####...     6%          4    ###....
q - Blink                 Tloc           N/A          1%          2    None
s - Call Imp              Summ           #####...     1%          2    None
A - Apportation           Tloc           ####......   1%          1    None


Dungeon Overview and Level Annotations

Branches:
Dungeon (10/15)            Temple (1/1) D:4
   Lair: D:8-11         Orc: D:9-12

Altars:
Ashenzari
Cheibriados
Dithmenos
Elyvilon
Fedhas
Gozag
Kikubaaqudgha
Makhleb
Nemelex Xobeh
Okawaru
Qazlal
Ru
Sif Muna
Trog
Vehumet
Xom
Yredelemnul
Zin
The Shining One

Shops:
D:7 =


Innate Abilities, Weirdness & Mutations

Your natural rate of healing is extremely fast.
You can bottle blood from corpses.
You have razor-sharp teeth.
You have supernaturally acute eyesight.
You can survive without breathing.
Potions and wands are less effective at restoring your health.


Message History

The active ballistomycete is lightly damaged.
Your ice beast freezes the active ballistomycete!
Your ice beast freezes the slime creature!
You sock the active ballistomycete!
You destroy the active ballistomycete!
The fungal colony is destroyed.
The slime creature hits your ice beast!
Your ice beast dies!
Your ice beast freezes the slime creature!
Drink which item? (? for menu, Esc to quit)
Yummy - fresh blood!
Two slime creatures merge to form a large slime creature.
Casting: Call Canine Familiar
Confirm with . or Enter, or press ? or * to list all spells.
A chill wind blows around you.
You thump the large slime creature! You burn the large slime creature.
You bite the large slime creature.
The large slime creature is severely wounded.
Your ice beast freezes the large slime creature!
The large slime creature hits you!!
You die...

... #.'...< #....#
#.#≈... #....#
#.#≈8.. #....#
#.#≈≈≈. #....#
#.####' #....#####
###..# #.
#.#Yh..$.....#######
#.YJ..#......###...#
#.!@..#......#.#.#.'
#Y...........#.#.#.#
#.#..........#.'...#
#.....#..##..#.#...#
#.....#).....#.#.#.#
#............###(..#
#.............(.....
#.....#.........)...
#.#......##(..#.....


You could see a large slime creature, 3 friendly ice beasts and a friendly wolf.

Vanquished Creatures
  A hill giant (D:10)
  A centaur zombie (D:10)
  Prince Ribbit (D:6)
  2 slime creatures (D:10)
  A hippogriff (D:10)
  5 necrophages (D:6)
  3 ice beasts
  A black bear (D:10)
  A phantom (D:8)
  2 big kobolds
  An ogre (D:6)
  2 centaurs
  5 giant frogs
  A water moccasin zombie (Ossuary)
  2 scorpions
  4 killer bees (D:7)
  4 wights
  A goliath beetle (D:7)
  A crimson imp (D:10)
  6 hounds
  2 jellies
  A giant frog zombie (D:6)
  2 centaur skeletons
  An orc priest (D:4)
  5 iguanas
  A giant frog skeleton (D:9)
  7 orc wizards
  A quasit (D:9)
  8 worker ants
  4 big kobold zombies (Ossuary)
  3 mummies
  A worker ant zombie (D:6)
  9 adders
  A gnoll (D:10)
  A giant mite (D:7)
  3 shadow imps
  2 worms
  7 adder zombies
  An adder skeleton (D:5)
  5 giant geckos
  An ooze (D:3)
  14 orcs
  2 ball pythons
  A bat skeleton (D:6)
  A bat zombie (D:6)
  3 gnoll zombies (Ossuary)
  17 goblins
  13 hobgoblins
  7 jackals
  11 kobolds
  3 quokkas
  12 bats
  A giant cockroach (D:6)
  7 giant newts
  7 hobgoblin zombies (Ossuary)
  3 kobold zombies (Ossuary)
  5 orc zombies (Ossuary)
  19 rats
  2 ballistomycetes (D:10)
239 creatures vanquished.

Vanquished Creatures (collateral kills)
  Gastronok (D:8)
  An ugly thing (D:10)
  A cyclops (D:7)
  2 trolls (D:10)
  2 slime creatures (D:10)
  A spriggan (D:9)
  A deep elf mage (D:10)
  An ogre (D:3)
  A phantom (D:8)
  3 ice beasts
  2 orc warriors (D:9)
  A sky beast (D:7)
  Sigmund (D:2)
  A centaur (D:10)
  2 giant frogs
  A killer bee (D:7)
  3 crimson imps
  An orc priest (D:4)
  Crazy Yiuf (D:5)
  2 iguanas
  A worker ant (D:5)
  4 orc wizards
  A hound skeleton (D:10)
  A worker ant zombie (D:8)
  3 gnolls (D:10)
  An adder (D:2)
  A worm (D:4)
  8 orcs
  A ball python (D:1)
  4 goblins
  2 hobgoblins
  2 jackals (D:6)
  A kobold (D:1)
  A quokka (D:5)
  3 bats
  A giant spore (D:10)
  A rat (D:6)
  A bush (D:6)
66 creatures vanquished.

Vanquished Creatures (others)
  4 wolves
  3 ice beasts
  2 crimson imps
  10 hounds
  2 bats (D:1)
  2 rats (D:1)
  A bush (D:6)
  3 plants (D:6)
27 creatures vanquished.

Grand Total: 332 creatures vanquished

Notes
Turn   | Place    | Note
--------------------------------------------------------------
     0 | D:1      | PolkaDot, the Vampire Summoner, began the quest for the Orb.
     0 | D:1      | Reached XP level 1. HP: 13/13 MP: 3/3
   322 | D:1      | Found a shattered altar of Ashenzari.
   668 | D:1      | Reached XP level 2. HP: 13/19 MP: 0/4
  1288 | D:1      | Learned a level 2 spell: Call Imp
  1381 | D:2      | Reached skill level 5 in Summonings
  1381 | D:2      | Reached XP level 3. HP: 16/24 MP: 0/6
  1386 | D:2      | Learned a level 3 spell: Call Canine Familiar
  1485 | D:2      | Noticed Sigmund
  1498 | D:2      | Killed Sigmund
  1498 | D:2      | Reached XP level 4. HP: 12/30 MP: 5/9
  1594 | D:2      | Found a glowing golden altar of the Shining One.
  1594 | D:2      | Found a glowing silver altar of Zin.
  1594 | D:2      | Found a white marble altar of Elyvilon.
  1697 | D:2      | Found a shimmering altar of Xom.
  2125 | D:3      | Noticed an ogre
  2143 | D:3      | Killed an ogre
  2143 | D:3      | Reached XP level 5. HP: 2/35 MP: 1/13
  2665 | D:3      | Reached skill level 1 in Staves
  2821 | D:4      | Reached XP level 6. HP: 23/41 MP: 15/15
  2950 | D:4      | Found a stormy altar of Qazlal.
  3404 | D:4      | Learned a level 4 spell: Summon Ice Beast
  3405 | D:4      | Gained mutation: Potions and wands are less effective at restoring your health. [potion of mutation]
  3448 | D:4      | Found a staircase to the Ecumenical Temple.
  3454 | Temple   | Entered the Ecumenical Temple
  3718 | D:4      | Reached skill level 1 in Ice Magic
  4184 | D:4      | Learned a level 4 spell: Summon Guardian Golem
  4190 | D:5      | Entered Level 5 of the Dungeon
  4202 | D:5      | Found a shattered altar of Ashenzari.
  4215 | D:5      | Reached XP level 7. HP: 38/46 MP: 17/17
  4345 | D:5      | Found a bloodstained altar of Trog.
  4981 | D:5      | Noticed Crazy Yiuf
  5017 | D:5      | Killed Crazy Yiuf
  5443 | D:6      | Found a sacrificial altar of Ru.
  5777 | D:6      | Reached XP level 8. HP: 31/52 MP: 3/18
  6034 | D:6      | Noticed Prince Ribbit
  6051 | D:6      | Killed Prince Ribbit
  6051 | D:6      | Reached skill level 5 in Staves
  6188 | D:6      | Reached skill level 6 in Summonings
  6252 | D:6      | Found a blossoming altar of Fedhas.
  6420 | D:7      | Reached skill level 5 in Ice Magic
  6545 | D:8      | Found a deep blue altar of Sif Muna.
  6545 | D:8      | Found an iron altar of Okawaru.
  6549 | D:8      | Became a worshipper of Sif Muna the Loreminder
  6660 | D:8      | Found a sand-covered staircase.
  6665 | Ossuary  | Entered an ossuary
  6717 | Ossuary  | Reached XP level 9. HP: 51/57 MP: 20/20
  7009 | D:7      | Reached skill level 7 in Summonings
  7094 | D:7      | Reached skill level 1 in Hexes
  7665 | D:7      | Noticed a cyclops
  7667 | D:7      | Found Khugritecui's Jewellery Emporium.
  7678 | D:7      | Killed a cyclops
  7678 | D:7      | Acquired Sif Muna's first power
  7678 | D:7      | Reached skill level 5 in Hexes
  7694 | D:7      | Bought an uncursed ring of magical power for 320 gold pieces
  7698 | D:7      | Learned a level 1 spell: Apportation
  7701 | D:7      | Learned a level 2 spell: Blink
  8148 | D:8      | Noticed Gastronok
  8163 | D:8      | Killed Gastronok
  8237 | D:8      | Found a sacrificial altar of Ru.
  8619 | D:9      | Acquired Sif Muna's second power
  8659 | D:9      | Reached skill level 8 in Summonings
  8785 | D:9      | Reached XP level 10. HP: 63/63 MP: 21/21
  8842 | D:9      | Found a radiant altar of Vehumet.
  9497 | D:10     | Entered Level 10 of the Dungeon
  9810 | D:10     | Noticed a green ugly thing
  9822 | D:10     | Killed a green ugly thing
  9822 | D:10     | Reached skill level 5 in Translocations
 10056 | D:10     | Noticed a hill giant
 10067 | D:10     | Killed a hill giant
 10067 | D:10     | Reached skill level 5 in Spellcasting
 10489 | D:10     | Reached skill level 9 in Summonings
 10840 | D:10     | Slain by a large slime creature

Action                   |  1- 3 |  4- 6 |  7- 9 | 10-12 || total
-------------------------+-------+-------+-------+-------++-------
Melee: Unarmed           |    32 |       |       |       ||    32
       Dagger            |     6 |    37 |       |       ||    43
       Short sword       |    38 |    37 |       |       ||    75
       Quarterstaff      |       |   141 |   405 |   129 ||   675
       Staff             |       |       |     3 |       ||     3
 Cast: Summon Small Mamm |    18 |       |     1 |       ||    19
       Call Imp          |     6 |    10 |     4 |     2 ||    22
       Call Canine Famil |     1 |     7 |    20 |    12 ||    40
       Summon Ice Beast  |       |       |    28 |    23 ||    51
       Blink             |       |       |       |     1 ||     1
Invok: Channel Energy    |       |       |     2 |     4 ||     6
  Use: Scroll            |     4 |     5 |    13 |     3 ||    25
       Potion            |     3 |     8 |    39 |    12 ||    62
 Stab: Sleeping          |     2 |     8 |    13 |     9 ||    32
       Distracted        |       |       |     1 |     1 ||     2
       Paralysed         |       |       |     6 |       ||     6
       Petrifying        |       |       |     1 |     2 ||     3
       Petrified         |       |       |     1 |       ||     1
       Confused          |       |       |       |     1 ||     1
  Eat: Corpse            |     8 |    22 |     3 |     4 ||    37
